 Dungeon Crawl Stone Soup version 0.32-a0-38-gb04dd89b9b (webtiles) character file.

Game seed: 5384497264618831232

103008 AceOff the Peltast (level 16, -11/134 HPs)
             Began as a Formicid Fighter on Jan 23, 2024.
             Was the Champion of Qazlal.
             Shot with a bolt by a +3 hand cannon "Jalotuph" {penet, rN+ Dex+3 Stlth+} (27 damage)
             ... in a wizard's laboratory on Jan 24, 2024.
             The game lasted 00:35:56 (20759 turns).

AceOff the Peltast (Formicid Fighter)              Turns: 20759, Time: 00:35:56

Health: -11/134    AC: 29    Str: 29    XL:     16   Next: 87%
Magic:  0/24       EV:  9    Int:  8    God:    Qazlal [******]
Gold:   1403       SH: 19    Dex: 22    Spells: 15/15 levels left

rFire   + + .        J - +7 battleaxe (freeze)
rCold   + . .        P - +2 buckler
rNeg    + . .        K - +4 chain mail {rF+}
rPois   +            (helmet unavailable)
rElec   +            c - +2 cloak
rCorr   +            u - +0 pair of fencer's gloves {Riposte Dex+3}
SInv    +            T - +2 pair of boots {rampage}
Will    +....        a - amulet of guardian spirit Stlth
                     D - +6 ring of dexterity
HPRegen 0.42/turn    l - ring of positive energy
MPRegen 0.19/turn

%: repel missiles, guardian spirit, rampage
@: resistant, protected from physical damage
A: permanent stasis, dig shafts and tunnels, antennae 3, four strong arms,
talons 1, low MP 1
a: Dig, Renounce Religion, Upheaval, Elemental Force, Disaster Area


You were in a wizard's laboratory.
You worshipped Qazlal.
Qazlal was exalted by your worship.
You visited 5 branches of the dungeon, and saw 20 of its levels.
You also visited: Volcano and Wizlab.

You collected 1952 gold pieces.
You spent 549 gold pieces at shops.

Inventory:

Hand Weapons
 J - a +7 battleaxe of freezing (weapon)
 R - a +1 vampiric battleaxe
Missiles
 N - a throwing net
Armour
 c - a +2 cloak (worn)
 u - the +0 pair of fencer's gloves (worn) {Riposte Dex+3}
   (You acquired it on level 10 of the Dungeon)

   Riposte:   It allows the wearer to riposte with melee weapons, swiftly
   retaliating against missed or blocked melee attacks.
   Dex+3:     It affects your dexterity (+3).
 z - the +0 pair of gloves of Qeos {Regen+}
   (You found it on level 4 of the Dungeon)

   Regen+:    It increases your rate of health regeneration.
 K - a +4 chain mail of fire resistance (worn)
 P - a +2 buckler (worn)
 T - a +2 pair of boots of rampaging (worn)
Jewellery
 a - an amulet of guardian spirit (around neck)
 i - a ring of resist corrosion
 l - a ring of positive energy (right hand)
 n - a +6 ring of dexterity
 o - a ring of protection from fire
 D - a +6 ring of dexterity (left hand)
 I - a ring of ice
 M - a ring of protection from cold
Wands
 b - a wand of digging (9)
 m - a wand of roots (8)
 x - a wand of polymorph (6)
 A - a wand of flame (24)
 C - a wand of paralysis (12)
 G - a wand of light (10)
 H - a wand of mindburst (8)
Scrolls
 e - 2 scrolls of poison
 g - 4 scrolls of fear
 j - 9 scrolls of identify
 w - 5 scrolls of fog
 y - 2 scrolls of amnesia
 B - a scroll of silence
 E - 2 scrolls of immolation
 O - 2 scrolls of enchant armour
 Q - a scroll of butterflies
Potions
 d - 5 potions of curing
 f - 2 potions of resistance
 h - 7 potions of might
 k - a potion of invisibility
 p - a potion of attraction
 q - 4 potions of lignification
 r - 2 potions of cancellation
 s - 5 potions of brilliance
 t - a potion of enlightenment
 v - 8 potions of ambrosia
 L - 4 potions of mutation


   Skills:
 + Level 14.6 Fighting
 + Level 13.4 Axes
 + Level 14.7 Armour
 + Level 17.2 Shields
 + Level 14.7 Invocations
 - Level 3.6 Shapeshifting


You had 15 spell levels left.
You didn't know any spells.
Your spell library contained the following spells:

 Spells                   Type           Power      Damage    Failure   Level
 Summon Small Mammal      Summ           0%         N/A       80%         1
 Lesser Beckoning         Tloc           0%         N/A       90%         2
 Momentum Strike          Conj/Tloc      0%         3d8       90%         2
 Call Canine Familiar     Summ           0%         N/A       99%         3
 Frozen Ramparts          Ice            0%         1d1       99%         3
 Hailstorm                Conj/Ice       0%         3d5       99%         3
 Stone Arrow              Conj/Erth      0%         3d7       99%         3
 Summon Ice Beast         Ice/Summ       0%         N/A       99%         3
 Tukima's Dance           Hex            0%         N/A       99%         3
 Animate Armour           Summ/Erth      0%         N/A       100%        4
 Leda's Liquefaction      Alch/Erth      0%         N/A       100%        4
 Passage of Golubria      Tloc           0%         N/A       100%        4
 Summon Blazeheart Golem  Fire/Summ      0%         N/A       100%        4
 Lee's Rapid Deconstruct  Erth           0%         3d4*      100%        5
 Summon Mana Viper        Hex/Summ       0%         N/A       100%        5
 Yara's Violent Unravell  Hex/Alch       0%         3d3       100%        5
 Bombard                  Conj/Erth      0%         9d1       100%        6
 Sculpt Simulacrum        Ice/Alch       0%         N/A       100%        6
 Lehudib's Crystal Spear  Conj/Erth      0%         10d2      100%        8
 Summon Horrible Things   Summ           0%         N/A       100%        8
 Blink                    Tloc           Unusable   N/A       N/A         2

Dungeon Overview and Level Annotations

Branches:
Dungeon (11/15)            Temple (1/1) D:4            Lair (4/5) D:11
 Shoals (0/4) Lair:3       Spider (0/4) Lair:2        Slime (0/5) Lair:4
    Orc (2/2) D:11            Elf (2/3) Orc:2       Volcano (visited)
 WizLab (1/1)

Altars:
Ashenzari
Cheibriados
Dithmenos
Elyvilon
Fedhas
Gozag
Hepliaklqana
Kikubaaqudgha
Makhleb
Nemelex Xobeh
Okawaru
Qazlal
Ru
Sif Muna
Trog
Uskayaw
Vehumet
Wu Jian
Xom
Yredelemnul
Zin
The Shining One
Jiyva

Shops:
D:3 [   D:10 *   Orc:2 [*!(

Portals:
Trove: D:11 (show slimy rune of Zot)

Annotations:
WizLab exclusion: strange machine


Innate Abilities, Weirdness & Mutations

You cannot be hasted, slowed, berserked, paralysed or teleported.
You can dig through walls and to a lower floor.
You have a pair of large antennae on your head. (SInv)
Your four strong arms can wield two-handed weapons with a shield.
You have sharp toenails.
Your magical capacity is low. (-10% MP)


Message History

You barely miss the living spell.
The walking frostbound tome closely misses you.
The +3 hand cannon "Jalotuph" {penet, rN+ Dex+3 Stlth+} is engulfed in blazing flames.
The living spell is engulfed in blazing flames.
You destroy the living spell!
You cut the walking frostbound tome into ribbons!!!
You freeze the walking frostbound tome.
The walking frostbound tome is heavily damaged.
You hit the +3 hand cannon "Jalotuph" {penet, rN+ Dex+3 Stlth+}.
You block the walking frostbound tome's attack.
The +3 hand cannon "Jalotuph" {penet, rN+ Dex+3 Stlth+} shoots a bolt.
The bolt barely misses you.
The living spell is engulfed in blazing flames.
You destroy the living spell!
You block the walking frostbound tome's attack.
You hit the walking frostbound tome but do no damage.
The walking frostbound tome is heavily damaged.
You closely miss the +3 hand cannon "Jalotuph" {penet, rN+ Dex+3 Stlth+}.
The +3 hand cannon "Jalotuph" {penet, rN+ Dex+3 Stlth+} shoots a bolt.
The bolt pierces through you but does no damage.
The living spell is engulfed in blazing flames.
You destroy the living spell!
The walking frostbound tome completely misses you.
You slice the walking frostbound tome like a ripe choko!!!
You freeze the walking frostbound tome.
The walking frostbound tome is almost destroyed.
You hit the +3 hand cannon "Jalotuph" {penet, rN+ Dex+3 Stlth+}.
The +3 hand cannon "Jalotuph" {penet, rN+ Dex+3 Stlth+} shoots a bolt.
The bolt pierces through you.
* * * LOW HITPOINT WARNING * * *
The walking frostbound tome barely misses you.
The +3 hand cannon "Jalotuph" {penet, rN+ Dex+3 Stlth+} shoots a bolt.
The bolt pierces through you!!
* * * LOW HITPOINT WARNING * * *
You feel better.
Your protection from physical attacks is fading.
You block the walking frostbound tome's attack.
The +3 hand cannon "Jalotuph" {penet, rN+ Dex+3 Stlth+} shoots a bolt.
The bolt pierces through you!!
You die...

### ##### ####
####### ###[[[[
###...######....
###.....##.......
##...##☼..○....8.
###..##°;(###....
###....@#####...
###..°§.## #.#
###..§### {.
###..### ##...##
.⌠ . ###).##
.....
##''####...#
##.....##.
##...#.......


You could see a walking frostbound tome, a strange machine and a +3 hand cannon
"Jalotuph" {penet, rN+ Dex+3 Stlth+}.

Vanquished Creatures
  A walking crystal tome (WizLab)
  A walking frostbound tome (WizLab)
  A deep elf sorcerer (Elf:1)
  The ghost of totrandom the Thrower, a journeyman TrGl of Okawaru (Orc:2)
  2 orc warlords (Orc:1)
  An entropy weaver (shapeshifter) (Elf:1)
  A fire dragon (Volcano)
  4 rakshasas (WizLab)
  A hydra (Lair:2)
  A catoblepas (Lair:3)
  4 ogre magi (Orc:2)
  Erica (D:8)
  A centaur warrior (D:9)
  4 boulder beetles
  2 anacondas (Lair:2)
  18 two-headed ogres
  11 dancing weapons
  6 death yaks (Lair:2)
  Nergalle (Lair:1)
  3 lindwurms
  10 deep elf zephyrmancers (Elf:1)
  4 manticores
  12 deep elf pyromancers
  4 oklob plants (Lair:4)
  3 cyclopes (D:11)
  14 elephants
  4 kobold blastminers
  Joseph (D:9)
  A merfolk siren (Lair:3)
  3 meliai (Lair:4)
  A black mamba (Lair:2)
  3 smoke demons (Volcano)
  9 cane toads
  A gargoyle (D:10)
  A torpor snail (Lair:1)
  6 komodo dragons
  4 rime drakes
  2 unseen horrors (D:11)
  3 merfolk (Lair:3)
  6 trolls
  A queen bee (Lair:4)
  3 hornets
  Prince Ribbit (D:5)
  Grinder (D:5)
  2 polar bears (Lair:2)
  18 blink frogs
  2 dream sheep (Lair:1)
  6 air elementals (Elf:1)
  A shadow (D:11)
  A basilisk (shapeshifter) (Elf:1)
  5 water elementals (Elf:1)
  5 wyverns
  6 fire elementals (Elf:1)
  4 basilisks
  A vampire (D:11)
  52 yaks
  Grum (D:9)
  10 steam dragons
  4 wargs (Orc:1)
  2 redbacks (Lair:2)
  Duvessa (D:7)
  3 hell hounds
  12 water moccasins
  An ice beast (D:4)
  25 orc warriors
  29 ogres
  3 black bears
  8 wolves
  3 phantoms (D:4)
  4 centaurs
  11 bullfrogs
  2 kobold brigands
  A scorpion (D:6)
  2 water moccasin zombies (D:4)
  5 earth elementals (Elf:1)
  A burial acolyte (D:6)
  10 wights
  Dowan (D:7)
  41 killer bees
  6 howler monkeys
  3 electric eels
  A bombardier beetle (D:6)
  6 jellies
  A bullfrog zombie (D:4)
  3 hounds
  A gnoll bouda (D:6)
  22 orc priests
  A sleepcap (D:6)
  Natasha (thrice) (D:4)
  2 iguanas
  19 orc wizards
  A hell rat (Lair:2)
  A hound zombie (D:6)
  2 hound skeletons (D:4)
  9 gnolls
  7 adders
  5 shadow imps
  2 white imps
  2 ufetubi (D:7)
  2 adder zombies (D:6)
  2 adder skeletons (D:4)
  6 dart slugs
  A ribbon worm (D:2)
  65 orcs
  2 bats (D:1)
  3 endoplasms (Lair:4)
  5 giant cockroaches
  3 goblins (D:3)
  5 hobgoblins
  4 quokkas
  6 ball pythons
  4 frilled lizards
  2 gnoll zombies (D:6)
  16 kobolds
  2 kobold zombies (D:6)
  A quokka skeleton (D:4)
  7 rats
679 creatures vanquished.

Vanquished Creatures (others)
  A deep elf zephyrmancer (Elf:1)
  A deep elf pyromancer (Elf:1)
  5 orcs
  A hobgoblin (D:4)
8 creatures vanquished.

Grand Total: 687 creatures vanquished

Notes
Turn   | Place    | Note
-------+----------+-------------------------------------------
     0 | D:1      | AceOff the Formicid Fighter began the quest for the Orb.
     0 | D:1      | Reached XP level 1. HP: 18/18 MP: 1/1
    73 | D:1      | Reached XP level 2. HP: 24/24 MP: 2/2
   235 | D:1      | Reached XP level 3. HP: 29/29 MP: 3/3
   973 | D:2      | Reached XP level 4. HP: 35/37 MP: 4/4
  1137 | D:2      | Found a faded altar of an unknown god.
  1709 | D:3      | Reached skill level 1 in Shapeshifting
  1753 | D:3      | Found an ornate altar of the Wu Jian Council.
  1908 | D:3      | Found Aciuh's Antique Armour Shop.
  2297 | D:3      | Reached XP level 5. HP: 27/33 MP: 5/5
  2303 | D:3      | Reached skill level 5 in Shields
  2472 | D:4      | Noticed Natasha
  2477 | D:4      | Killed Natasha
  2478 | D:4      | Reached XP level 6. HP: 35/46 MP: 6/6
  2542 | D:4      | Noticed Natasha
  2555 | D:4      | Killed Natasha
  2924 | D:4      | Reached XP level 7. HP: 47/55 MP: 7/7
  2992 | D:4      | Found a staircase to the Ecumenical Temple.
  3047 | Temple   | Entered the Ecumenical Temple
  3071 | Temple   | Became a worshipper of Qazlal Stormbringer
  3154 | D:4      | Reached skill level 5 in Armour
  3154 | D:4      | Reached skill level 6 in Shields
  3156 | D:4      | Reached skill level 5 in Fighting
  3159 | D:4      | Reached XP level 8. HP: 44/62 MP: 8/8
  3491 | D:4      | Identified the +0 pair of gloves of Qeos {Regen+}
  3802 | D:4      | Noticed Natasha
  3815 | D:4      | Killed Natasha
  3929 | D:5      | Entered Level 5 of the Dungeon
  3988 | D:5      | Noticed Prince Ribbit
  3997 | D:5      | Killed Prince Ribbit
  3998 | D:5      | Reached skill level 7 in Shields
  3998 | D:5      | Reached skill level 1 in Invocations
  4481 | D:5      | Found a shadowy altar of Dithmenos.
  4488 | D:5      | Reached skill level 5 in Axes
  4488 | D:5      | Reached XP level 9. HP: 39/69 MP: 10/10
  4692 | D:5      | Noticed Grinder
  4705 | D:5      | Killed Grinder
  5070 | D:5      | Found a burning altar of Makhleb.
  5304 | D:6      | Found an ancient bone altar of Kikubaaqudgha.
  5321 | D:6      | Reached * piety under Qazlal
  5426 | D:6      | Reached skill level 8 in Shields
  5455 | D:6      | Found a white marble altar of Elyvilon.
  6073 | D:6      | Got the Spellbook of Frost
  6325 | D:7      | Reached XP level 10. HP: 50/79 MP: 13/13
  6375 | D:7      | Noticed Duvessa
  6377 | D:7      | Noticed Dowan
  6385 | D:7      | Killed Dowan
  6386 | D:7      | Killed Duvessa
  6433 | D:7      | Reached skill level 5 in Invocations
  6564 | D:7      | Reached ** piety under Qazlal
  6664 | D:7      | Found a broken altar of Ashenzari.
  6665 | D:7      | Found a bloodstained altar of Trog.
  6816 | D:7      | Found a sand-covered staircase.
  6861 | D:7      | Reached skill level 9 in Shields
  7266 | D:8      | Found an opulent altar of Gozag.
  7366 | D:8      | Noticed Erica
  7383 | D:8      | Killed Erica
  7406 | D:8      | Gained mutation: Your magical capacity is low. (-10% MP)
                  | [potion of mutation]
  7406 | D:8      | Gained mutation: You have sharp toenails. [potion of
                  | mutation]
  7600 | D:8      | Found a glowing silver altar of Zin.
  7660 | D:8      | Found a blossoming altar of Fedhas.
  8104 | D:9      | Noticed Joseph
  8118 | D:9      | Killed Joseph
  8245 | D:9      | Reached skill level 10 in Shields
  8353 | D:9      | Noticed Grum
  8358 | D:9      | Reached XP level 11. HP: 68/87 MP: 12/14
  8365 | D:9      | Killed Grum
  8411 | D:9      | Found a hide-covered altar of Uskayaw.
  8425 | D:9      | Noticed a centaur warrior
  8436 | D:9      | Killed a centaur warrior
  8513 | D:9      | Reached *** piety under Qazlal
  8929 | D:10     | Entered Level 10 of the Dungeon
  8946 | D:10     | Identified the +1 spear of Zeobawih {freeze, rElec rC+}
  9024 | D:10     | Noticed a two-headed ogre
  9032 | D:10     | Killed a two-headed ogre
  9042 | D:10     | Reached skill level 11 in Shields
  9202 | D:10     | Found an iron altar of Okawaru.
  9304 | D:10     | Found a glowing golden altar of the Shining One.
  9404 | D:10     | Identified a scroll of acquirement
  9405 | D:10     | Acquired the +0 pair of fencer's gloves {Riposte Dex+3}
  9405 | D:10     | Found the +0 pair of fencer's gloves {Riposte Dex+3}
  9783 | D:10     | Found Deppa's General Store.
  9788 | D:10     | Bought a scroll of enchant weapon for 97 gold pieces
  9894 | D:11     | Found a staircase to the Lair.
  9952 | D:11     | Reached XP level 12. HP: 96/96 MP: 16/16
 10080 | D:11     | Reached **** piety under Qazlal
 10350 | D:11     | Noticed a boulder beetle
 10359 | D:11     | Reached skill level 10 in Armour
 10365 | D:11     | Killed a boulder beetle
 10366 | D:11     | Reached skill level 10 in Fighting
 10550 | D:11     | Reached skill level 12 in Shields
 10594 | D:11     | Found a staircase to the Orcish Mines.
 10721 | D:11     | Found a portal to a secret trove of treasure.
 11133 | Lair:1   | Entered Level 1 of the Lair of Beasts
 11140 | Lair:1   | Noticed Nergalle
 11151 | Lair:1   | Killed Nergalle
 11414 | Lair:1   | Reached XP level 13. HP: 91/104 MP: 14/18
 11543 | Lair:1   | Reached skill level 10 in Invocations
 11826 | Lair:1   | Reached skill level 13 in Shields
 12397 | Lair:2   | Reached skill level 10 in Axes
 12406 | Lair:2   | Reached ***** piety under Qazlal
 12715 | Lair:2   | Identified the +0 leather armour of Demons {rPois rCorr}
 12902 | Lair:2   | Found a transporter.
 12903 | Lair:2   | Found a transporter.
 12966 | Lair:2   | Found a hole to the Spider Nest.
 13065 | Lair:2   | Noticed an anaconda
 13068 | Lair:2   | Noticed an eight-headed hydra
 13077 | Lair:2   | Killed an anaconda
 13077 | Lair:2   | Killed an eight-headed hydra
 13691 | Lair:2   | Noticed an anaconda
 13694 | Lair:2   | Killed an anaconda
 13987 | Lair:3   | Reached XP level 14. HP: 114/114 MP: 20/20
 14022 | Lair:3   | Found a dark tunnel.
 14034 | Volcano  | Entered a volcano
 14052 | Volcano  | Reached skill level 14 in Shields
 14869 | Lair:3   | Found a staircase to the Shoals.
 15773 | Lair:4   | Reached ****** piety under Qazlal
 15774 | Lair:4   | Reached skill level 15 in Shields
 16201 | Lair:4   | Found a viscous altar of Jiyva.
 16201 | Lair:4   | Found a staircase to the Slime Pits.
 16216 | Lair:4   | Reached XP level 15. HP: 105/122 MP: 17/22
 17351 | Orc:1    | Entered Level 1 of the Orcish Mines
 17900 | Orc:2    | Entered Level 2 of the Orcish Mines
 18003 | Orc:2    | Reached skill level 16 in Shields
 18162 | Orc:2    | Found Pemaes's Assorted Antiques.
 18162 | Orc:2    | Found Oneiniasm's Armour Emporium.
 18163 | Orc:2    | Found Xyomuom's Antique Weapon Shoppe.
 18163 | Orc:2    | Found Esseas's Distillery.
 18174 | Orc:2    | Found a staircase to the Elven Halls.
 18181 | Orc:2    | Bought 2 potions of curing for 78 gold pieces
 18181 | Orc:2    | Bought a potion of mutation for 104 gold pieces
 18183 | Orc:2    | Bought a glowing cloak for 270 gold pieces
 18466 | Orc:2    | Found a runed translucent gate.
 18466 | Orc:2    | Found a runed translucent gate.
 18466 | Orc:2    | Found a runed translucent gate.
 18467 | Orc:2    | Noticed totrandom's ghost (journeyman TrGl)
 18632 | Orc:2    | Killed totrandom's ghost
 18939 | Orc:1    | Noticed an orc warlord
 18943 | Orc:1    | Killed an orc warlord
 18944 | Orc:1    | Reached XP level 16. HP: 130/132 MP: 14/23
 19127 | Elf:1    | Entered Level 1 of the Elven Halls
 19290 | Elf:1    | Noticed a deep elf sorcerer
 19300 | Elf:1    | Killed a deep elf sorcerer
 19387 | Elf:1    | Got the Almanac of Adjuration
 20413 | Elf:2    | Found a magical portal.
 20434 | Elf:2    | Reached skill level 17 in Shields
 20438 | WizLab   | Entered Tukima's Studio
 20726 | WizLab   | Noticed a walking crystal tome
 20727 | WizLab   | Noticed a strange machine
 20736 | WizLab   | Noticed a walking frostbound tome
 20738 | WizLab   | Killed a walking crystal tome
 20740 | WizLab   | Noticed a walking frostbound tome
 20747 | WizLab   | Identified the +3 hand cannon "Jalotuph" {penet, rN+ Dex+3
                  | Stlth+}
 20751 | WizLab   | Killed a walking frostbound tome
 20759 | WizLab   | Shot with a bolt by a +3 hand cannon "Jalotuph" {penet, rN+
                  | Dex+3 Stlth+}

Illustrated notes

Levels and vault maps discovered:
D:1:      psy_arrival_dodecagon, layout_basic, chequers_big_river,
          chequers_serial_rivers_micro_a
D:2:      layout_rooms, ebering_ecumenical_altar_rust, nicolae_half_adder
D:3:      layout_basic, nicolae_wu_jian_immortal_techniques, serial_shops,
          shop_fountains, grunt_ministairs_10, kennysheep_orc_chapel
D:4:      layout_basic, lemuel_temple_firewalk_b, serial_undead,
          serial_undead_e, serial_undead_d, serial_undead_d, serial_undead_a,
          serial_undead_f, uniq_natasha
D:5:      layout_layer_cave, mainiacjoe_overflow_small_starburst,
          makhleb_grotto_becter, uniq_prince_ribbit1, uniq_grinder
D:6:      layout_basic, nicolae_overflow_hidden_temple,
          regret_index_kikubaaqudgha_part_by_part, serial_bayou_lake_a
D:7:      layout_loops_ring, mainiacjoe_overflow_divided_tiny, enter_ossuary_5,
          uniq_duvessa
D:8:      layout_loops_ring, pdpol_temple_overflow_zin_treasury_gozag_greed,
          mainiacjoe_overflow_brackets, uniq_erica
D:9:      layout_irregular_city, nicolae_uskayaw_murder_on_the_dancefloor,
          nicolae_fountain_basement, uniq_joseph, uniq_grum
D:10:     layout_gridville, amcnicky_altar_gilded, nicolae_tso_carved_into_rock,
          serial_shops, nicolae_shop_pleasant_corner_grove, solitary_fountain
D:11:     layout_small_grid, david_lair_shrubbed, orc_0_dummy,
          trove_entry_hex_spiral
Temple:   compressed_dpeg_triangle_lava_temple
Lair:1:   layout_regular_city, uniq_nergalle
Lair:2:   gammafunk_boulding_lane, layout_regular_city, spider_nest_entry_webs,
          nicolae_lair_lakeside_cave, lemuel_fruit_tree, serial_bayou_shore_a
Lair:3:   layout_regular_city, elwin_shoals_entry_stream, enter_volcano_3,
          infiniplex_staircase_pool_2, grunt_megastairs_5
Lair:4:   hangedman_what_comes_after_a, layout_cave_pods,
          nicolae_slime_entry_slimehenge
Orc:1:    layout_diamond_mine
Orc:2:    st_orc_ogre_mass, layout_caves, ebering_ghost_rock_garden
Elf:1:    eino_elf_arrival_customs, layout_geoelf_grid, minmay_elf_demonology,
          serial_sigils_hangedman_writhe, nicolae_elf_big_sculpture_1,
          nicolae_elf_loose_elemental_storage
Elf:2:    elven_hall_of_blades_hangedman_alternative
          [nicolae_vaults_blade_armed_guards], layout_onion_city,
          infiniplex_enter_wizlab_water, serial_shops, shop, moated_statue,
          nicolae_elf_hall_of_bonks
WizLab:   wizlab_tukima

Skill      XL: |  1  2  3  4  5  6  7  8  9 10 11 12 13 14 15 16 |
---------------+-------------------------------------------------+-----
Shapeshifting  | 1 2 3 |  3.6
Armour         | 4 5 6 7 8 9 10 11 12 13 14 | 14.7
Fighting       | 4 5 6 7 8 9 10 11 12 13 14 | 14.6
Shields        | 5 6 7 8 10 11 12 13 15 16 17 | 17.2
Axes           | 3 4 5 6 7 8 9 10 11 12 13 | 13.4
Invocations    | 2 4 6 8 9 11 12 13 14 | 14.7

Action                     |  1- 3 |  4- 6 |  7- 9 | 10-12 | 13-15 | 16-18 || total
---------------------------+-------+-------+-------+-------+-------+-------++-------
  Melee: War axe           |    64 |   149 |   204 |       |       |       ||   417
         Battleaxe         |       |       |    47 |   307 |   455 |   189 ||   998
         Kick              |       |       |       |    82 |   147 |       ||   229
         Punch             |       |       |       |       |     5 |       ||     5
 Invoke: Disaster Area     |       |       |       |       |     3 |       ||     3
         Upheaval          |       |       |       |       |       |     3 ||     3
Ability: Dig               |       |     2 |     4 |     1 |     3 |     4 ||    14
  Evoke: Wand              |       |       |     2 |       |       |       ||     2
    Use: Potion            |       |       |     3 |    11 |     1 |     4 ||    19
         Scroll            |       |       |     1 |    19 |     3 |     1 ||    24
   Stab: Petrified         |       |       |       |       |     1 |       ||     1
 Armour: Scale mail        |    52 |    99 |   219 |    10 |       |       ||   380
         Chain mail        |       |       |       |   276 |   363 |   114 ||   753
  Dodge: Dodged            |    23 |    63 |   115 |   118 |   181 |    36 ||   536
         Repelled          |       |       |       |       |     5 |     3 ||     8
  Block: Buckler           |    12 |    36 |    98 |   190 |   120 |   135 ||   591
         Other             |       |       |       |       |    91 |       ||    91
Riposte: Battleaxe         |       |       |       |    27 |   118 |    57 ||   202
   Form: Beast             |     1 |       |       |       |       |       ||     1
                           |       |       |     1 |       |       |       ||     1

Table legend: (Time is in decaauts)
 A = Elapsed time spent in this place.
 B = Non-inter-level travel time spent in this place.
 C = Inter-level travel time spent in this place.
 D = Time resting spent in this place.
 E = Time spent auto-exploring this place.
 F = Levels seen in this place.
 G = Mean time per level.
                   A        B        C        D        E       F      G
               +--------+--------+--------+--------+--------+-----+--------+
         Total |  21130 |  19297 |   1833 |      0 |  15723 |  22 |  960.5 |
       Dungeon |  11545 |  10537 |   1008 |      0 |   8557 |  11 | 1049.5 |
        Temple |     42 |      3 |     39 |      0 |      0 |   1 |   42.0 |
          Lair |   5864 |   5365 |    499 |      0 |   4525 |   4 | 1466.0 |
  Orcish Mines |   1520 |   1296 |    224 |      0 |    999 |   2 |  760.0 |
   Elven Halls |   1315 |   1253 |     62 |      0 |   1044 |   2 |  657.5 |
       Volcano |    520 |    520 |      0 |      0 |    373 |   1 |  520.0 |
        Wizlab |    322 |    322 |      0 |      0 |    225 |   1 |  322.0 |
               +--------+--------+--------+--------+--------+-----+--------+

Top non-repeatable levels by time:
  Lair:2: 1733 daAuts
  Lair:4: 1530 daAuts
    D:11: 1474 daAuts
     D:4: 1451 daAuts
     D:5: 1384 daAuts
  Lair:1: 1342 daAuts
   Elf:1: 1271 daAuts
  Lair:3: 1257 daAuts
     D:6: 1070 daAuts
   Orc:2: 959 daAuts
    D:10: 940 daAuts
     D:2: 915 daAuts
     D:7: 901 daAuts
     D:8: 894 daAuts
     D:3: 890 daAuts
